SKY
NEW YORK YANKEES @ PITTSBURGH PIRATES
05/27/2052
 
TOP OF THE 1ST
New York Yankees batting - Pitching for Pittsburgh Pirates : LHP J.R. Thornock
Pitching: LHP J.R. Thornock
Batting: LHB Jimmy Boyer 0-0: Called Strike
0-1: Ball
1-1: Ground out 4-3 (Groundball, 34, EV 91.9 MPH)
Batting: LHB Daryn Scott 0-0: Fly out, F8 (Flyball, 8RD, EV 93.8 MPH)
Batting: RHB John Webb 0-0: Ball
1-0: Called Strike
1-1: Called Strike
1-2: Ball
2-2: Strikes out looking
Top of the 1st over - 0 runs, 0 hits, 0 errors, 0 left on base; New York 0 - Pittsburgh 0
BOTTOM OF THE 1ST
Pittsburgh Pirates batting - Pitching for New York Yankees : LHP Antoine Aguilar
Pitching: LHP Antoine Aguilar
Batting: RHB David Dudley 0-0: Ball
1-0: Called Strike
1-1: Ground out 6-3 (Groundball, 6, EV 106.9 MPH)
Batting: RHB Andy Kiser 0-0: Called Strike
0-1: Fly out, F8 (Flyball, 78D, EV 107.5 MPH)
Batting: RHB Caleb Phillips 0-0: Fly out, F7 (Line Drive, 7S, EV 88.8 MPH)
Bottom of the 1st over - 0 runs, 0 hits, 0 errors, 0 left on base; New York 0 - Pittsburgh 0
TOP OF THE 2ND
New York Yankees batting - Pitching for Pittsburgh Pirates : LHP J.R. Thornock
Batting: LHB Alejandro Esquivel 0-0: Ball
1-0: Called Strike
1-1: Swinging Strike
1-2: Foul Ball, location: 25F
1-2: Ball
2-2: Strikes out swinging
Batting: RHB Evan Dankowski 0-0: Called Strike
0-1: Foul Ball, location: 5F
0-2: Ball
1-2: Ball
2-2: Ball
3-2: Ground out 1-3 (Groundball, 13S, EV 64.4 MPH)
Batting: LHB Dave Herbster 0-0: Fly out, F8 (Flyball, 89M, EV 75.0 MPH)
Top of the 2nd over - 0 runs, 0 hits, 0 errors, 0 left on base; New York 0 - Pittsburgh 0
BOTTOM OF THE 2ND
Pittsburgh Pirates batting - Pitching for New York Yankees : LHP Antoine Aguilar
Batting: LHB Jim Lunsford 0-0: Ball
1-0: Called Strike
1-1: Ball
2-1: Fly out, F8 (Flyball, 8RXD, EV 90.6 MPH)
Batting: RHB Chet Ross 0-0: Ball
1-0: Ball
2-0: Called Strike
2-1: Foul Ball, location: 2F
2-2: Ball
3-2: SOLO HOME RUN (Flyball, 7D, EV 100.0 MPH), Distance : 380 ft
Batting: LHB P.J. Rey 0-0: Fly out, F8 (Flyball, 8LD, EV 87.5 MPH)
Batting: LHB Eric Gehman 0-0: Ball
1-0: SINGLE (Line Drive, 7LS, EV 93.1 MPH)
Batting: RHB Uriel Roberts 0-0: Foul Ball, location: 2F
0-1: Ball
1-1: Swinging Strike
1-2: Ball
2-2: Foul Ball, location: 5F
2-2: Foul Ball, location: 9LMF
2-2: Ball
3-2: Foul Ball, location: 3F
3-2: Base on Balls
Eric Gehman to second
Batting: RHB Gael Rumley 0-0: Called Strike
0-1: Fly out, F9 (Flyball, 89D, EV 92.5 MPH)
Bottom of the 2nd over - 1 run, 2 hits, 0 errors, 2 left on base; New York 0 - Pittsburgh 1
TOP OF THE 3RD
New York Yankees batting - Pitching for Pittsburgh Pirates : LHP J.R. Thornock
Batting: RHB Ray Christman 0-0: Ground out 5-3 (Groundball, 56, EV 81.9 MPH)
Batting: SHB Jared Calhoun 0-0: Ball
1-0: SINGLE (Line Drive, 6M, EV 98.8 MPH)
Batting: RHB Zach Loftin 0-0: Foul Ball, location: 9LDF
0-1: Ball
1-1: Called Strike
1-2: Foul Ball, location: 2F
1-2: Fielders Choice at 2nd, 6-4 (Groundball, 6, EV 100.0 MPH)
Batting: LHB Jimmy Boyer 0-0: Called Strike
0-1: Ground out 4-3 (Groundball, 4, EV 80.6 MPH)
Top of the 3rd over - 0 runs, 1 hit, 0 errors, 1 left on base; New York 0 - Pittsburgh 1
BOTTOM OF THE 3RD
Pittsburgh Pirates batting - Pitching for New York Yankees : LHP Antoine Aguilar
Batting: RHB David Dudley 0-0: DOUBLE (Line Drive, 3D, EV 97.5 MPH)
Batting: RHB Andy Kiser 0-0: Called Strike
0-1: Fly out, F6 (Popup, 6, EV 77.5 MPH)
Batting: RHB Caleb Phillips 0-0: Fly out, F8 (Flyball, 89M, EV 98.8 MPH)
Batting: LHB Jim Lunsford 0-0: Ball
1-0: Fly out, F6 (Popup, 6, EV 49.4 MPH)
Bottom of the 3rd over - 0 runs, 1 hit, 0 errors, 1 left on base; New York 0 - Pittsburgh 1
TOP OF THE 4TH
New York Yankees batting - Pitching for Pittsburgh Pirates : LHP J.R. Thornock
Batting: LHB Daryn Scott 0-0: Ball
1-0: Called Strike
1-1: Swinging Strike
1-2: SINGLE (Groundball, 4MD, EV 103.8 MPH)
Batting: RHB John Webb 0-0: Ball
1-0: Called Strike
1-1: Fly out, F7 (Flyball, 7D, EV 110.0 MPH)
Batting: LHB Alejandro Esquivel 0-0: Ball
1-0: Ball
2-0: Called Strike
2-1: Foul Ball, location: 3FF
2-2: Ball
3-2: Base on Balls
Daryn Scott to second
Batting: RHB Evan Dankowski 0-0: Ball
1-0: Swinging Strike
1-1: Foul Ball, location: 3SF
1-2: Foul Ball, location: 2F
1-2: Ball
2-2: Strikes out swinging
Batting: LHB Dave Herbster 0-0: Called Strike
0-1: Fielders Choice at 2nd, U6 (Groundball, 6M, EV 90.0 MPH)
Top of the 4th over - 0 runs, 1 hit, 0 errors, 2 left on base; New York 0 - Pittsburgh 1
BOTTOM OF THE 4TH
Pittsburgh Pirates batting - Pitching for New York Yankees : LHP Antoine Aguilar
Batting: RHB Chet Ross 0-0: Ball
1-0: Ball
2-0: Swinging Strike
2-1: Fly out, F8 (Flyball, 8RS, EV 91.9 MPH)
Batting: LHB P.J. Rey 0-0: Foul Ball, location: 7LSF
0-1: Ground out 1-3 (Groundball, 34S, EV 68.8 MPH)
Batting: LHB Eric Gehman 0-0: Called Strike
0-1: Called Strike
0-2: Ball
1-2: DOUBLE (Flyball, 8LXD, EV 108.1 MPH)
Batting: RHB Uriel Roberts 0-0: Called Strike
0-1: Foul Ball, location: 2F
0-2: SINGLE (Groundball, 4M, EV 87.5 MPH) (infield hit)
Eric Gehman to third
Batting: RHB Gael Rumley 0-0: Ball
1-0: Ball
2-0: Ball
3-0: Called Strike
3-1: Called Strike
Uriel Roberts steals 2nd base
3-2: Fly out, F6 (Popup, P, EV 84.4 MPH)
Bottom of the 4th over - 0 runs, 2 hits, 0 errors, 2 left on base; New York 0 - Pittsburgh 1
TOP OF THE 5TH
New York Yankees batting - Pitching for Pittsburgh Pirates : LHP J.R. Thornock
Batting: RHB Ray Christman 0-0: Fly out, F8 (Flyball, 89M, EV 96.3 MPH)
Batting: SHB Jared Calhoun 0-0: Called Strike
0-1: Swinging Strike
0-2: Strikes out swinging
Batting: RHB Zach Loftin 0-0: DOUBLE (Line Drive, 89D, EV 106.3 MPH)
Batting: LHB Jimmy Boyer 0-0: Ball
1-0: Called Strike
1-1: Ball
2-1: Ground out U3 (Groundball, 3, EV 81.3 MPH)
Top of the 5th over - 0 runs, 1 hit, 0 errors, 1 left on base; New York 0 - Pittsburgh 1
BOTTOM OF THE 5TH
Pittsburgh Pirates batting - Pitching for New York Yankees : LHP Antoine Aguilar
Batting: RHB David Dudley 0-0: Ball
1-0: Called Strike
1-1: Swinging Strike
1-2: Strikes out looking
Batting: RHB Andy Kiser 0-0: Ball
1-0: Foul Ball, location: 25FF
1-1: Ground out 6-3 (Groundball, 6, EV 102.5 MPH)
Batting: RHB Caleb Phillips 0-0: Ball
1-0: Ball
2-0: DOUBLE (Line Drive, 89D, EV 101.3 MPH)
Batting: LHB Jim Lunsford 0-0: Ball
1-0: Called Strike
1-1: DOUBLE (Groundball, 3L, EV 94.4 MPH)
Caleb Phillips scores
Batting: RHB Chet Ross 0-0: Foul Ball, location: 2F
0-1: Ball
1-1: Fly out, F4 (Popup, 34S, EV 76.3 MPH)
Bottom of the 5th over - 1 run, 2 hits, 0 errors, 1 left on base; New York 0 - Pittsburgh 2
TOP OF THE 6TH
New York Yankees batting - Pitching for Pittsburgh Pirates : LHP J.R. Thornock
Batting: LHB Daryn Scott 0-0: Called Strike
0-1: Swinging Strike
0-2: Strikes out looking
Batting: RHB John Webb 0-0: Called Strike
0-1: Called Strike
0-2: Strikes out swinging
Batting: LHB Alejandro Esquivel 0-0: Ball
1-0: Fly out, F6 (Popup, 6, EV 58.8 MPH)
Top of the 6th over - 0 runs, 0 hits, 0 errors, 0 left on base; New York 0 - Pittsburgh 2
BOTTOM OF THE 6TH
Pittsburgh Pirates batting - Pitching for New York Yankees : LHP Antoine Aguilar
Batting: LHB P.J. Rey 0-0: Called Strike
0-1: Swinging Strike
0-2: Foul Ball, location: 2F
0-2: Ball
1-2: SINGLE (Groundball, 34D, EV 97.5 MPH)
Batting: LHB Eric Gehman 0-0: Bunted foul
0-1: Sac Bunt to 23 - play at first, batter OUT! 3-4
P.J. Rey to second
Batting: RHB Uriel Roberts 0-0: Called Strike
0-1: Called Strike
0-2: Strikes out looking
Batting: RHB Gael Rumley 0-0: Foul Ball, location: 9LSF
0-1: Ball
1-1: Fly out, F8 (Line Drive, 8LD, EV 93.1 MPH)
Bottom of the 6th over - 0 runs, 1 hit, 0 errors, 1 left on base; New York 0 - Pittsburgh 2
TOP OF THE 7TH
New York Yankees batting - Pitching for Pittsburgh Pirates : LHP J.R. Thornock
Batting: RHB Evan Dankowski 0-0: Ball
1-0: Ground out 6-3 (Groundball, 56, EV 80.6 MPH)
Batting: LHB Dave Herbster 0-0: SINGLE (Line Drive, 56D, EV 100.0 MPH)
Batting: RHB Ray Christman 0-0: Ball
1-0: Ball
2-0: Foul Ball, location: 5FF
2-1: Grounds into double play, 6-4-3 (Groundball, 6, EV 80.6 MPH)
Top of the 7th over - 0 runs, 1 hit, 0 errors, 0 left on base; New York 0 - Pittsburgh 2
BOTTOM OF THE 7TH
Pittsburgh Pirates batting - Pitching for New York Yankees : LHP Antoine Aguilar
Batting: RHB David Dudley 0-0: Ball
1-0: SINGLE (Flyball, 4D, EV 91.9 MPH)
Batting: RHB Andy Kiser 0-0: Ball
1-0: Fly out, F6 (Popup, 6M, EV 75.0 MPH)
Batting: RHB Caleb Phillips 0-0: Called Strike
0-1: Ball
1-1: Foul Ball, location: 3F
1-2: SINGLE (Line Drive, 9LS, EV 96.3 MPH)
David Dudley to second
Pitching: LHP Victor Chan
Batting: LHB Jim Lunsford 0-0: Ball
1-0: SINGLE (Groundball, 56, EV 84.4 MPH)
David Dudley to third
Caleb Phillips to second
Runner from 3rd tries for Home, SAFE, throw by LF to home
Batting: RHB Chet Ross 0-0: Called Strike
0-1: Ball
1-1: Called Strike
1-2: Foul Ball, location: 9LMF
1-2: Ball
2-2: Ball
3-2: SINGLE (Line Drive, 9LS, EV 99.4 MPH)
Caleb Phillips to third
Jim Lunsford to second
Batting: LHB P.J. Rey 0-0: Called Strike
0-1: Ball
1-1: Swinging Strike
1-2: Grounds into fielders choice 3-2 (Groundball, 3L, EV 83.1 MPH)
Jim Lunsford to third
Chet Ross to second
Batting: LHB Eric Gehman 0-0: Ball
1-0: Ball
Wild Pitch!
Jim Lunsford scores
Chet Ross to third
P.J. Rey to second
2-0: Ball
3-0: Called Strike
3-1: Fly out, F7 (Line Drive, 7, EV 89.4 MPH)
Bottom of the 7th over - 2 runs, 4 hits, 0 errors, 2 left on base; New York 0 - Pittsburgh 4
TOP OF THE 8TH
New York Yankees batting - Pitching for Pittsburgh Pirates : LHP J.R. Thornock
Batting: SHB Jared Calhoun 0-0: Ball
1-0: Ball
2-0: Swinging Strike
2-1: Swinging Strike
2-2: Strikes out looking
Batting: RHB Zach Loftin 0-0: Foul Ball, location: 3DF
0-1: Ball
1-1: Ball
2-1: Foul Ball, location: 7LSF
2-2: Ball
3-2: Foul Ball, location: 9LMF
3-2: Base on Balls
Pitching: RHP Caleb Fineman
Batting: LHB Jimmy Boyer 0-0: Ball
1-0: Foul Ball, location: 2F
1-1: Ball
2-1: Ball
3-1: Base on Balls
Zach Loftin to second
Batting: LHB Daryn Scott 0-0: Ball
1-0: Fly out, F9 (Line Drive, 9S, EV 91.9 MPH)
Pinch Hitting: LHB Isaiah Howerton 0-0: Ball
1-0: Ball
2-0: Swinging Strike
2-1: Foul Ball, location: 5SF
2-2: Foul Ball, location: 2F
2-2: Foul Ball, location: 5FF
2-2: Foul Ball, location: 2F
2-2: Foul Ball, location: 9LMFF
2-2: Fielders Choice at 3rd, U5 (Groundball, 5L, EV 98.1 MPH)
Top of the 8th over - 0 runs, 0 hits, 0 errors, 1 left on base; New York 0 - Pittsburgh 4
BOTTOM OF THE 8TH
Pittsburgh Pirates batting - Pitching for New York Yankees : LHP Victor Chan
Now at 1B: Isaiah Howerton
Batting: RHB Uriel Roberts 0-0: Foul Ball, location: 3DF
0-1: Ball
1-1: Fly out, F9 (Line Drive, 9, EV 96.9 MPH)
Batting: RHB Gael Rumley 0-0: Ball
1-0: Fly out, F4 (Popup, 3D, EV 53.1 MPH)
Batting: RHB David Dudley 0-0: Foul Ball, location: 25F
0-1: Foul Ball, location: 25F
0-2: Foul Ball, location: 3DF
0-2: Ball
1-2: Foul Ball, location: 7LSFF
1-2: Ground out 6-3 (Groundball, 6, EV 88.1 MPH)
Bottom of the 8th over - 0 runs, 0 hits, 0 errors, 0 left on base; New York 0 - Pittsburgh 4
TOP OF THE 9TH
New York Yankees batting - Pitching for Pittsburgh Pirates : RHP Caleb Fineman
Batting: LHB Alejandro Esquivel 0-0: Called Strike
0-1: Called Strike
0-2: Ball
1-2: Strikes out looking
Batting: RHB Evan Dankowski 0-0: Ground out 4-3 (Groundball, 4, EV 77.5 MPH)
Batting: LHB Dave Herbster 0-0: Called Strike
0-1: SINGLE (Groundball, 4S, EV 72.5 MPH) (infield hit)
Batting: RHB Ray Christman 0-0: Called Strike
0-1: Ball
1-1: Ball
2-1: Ball
3-1: Called Strike
3-2: Base on Balls
Dave Herbster to second
Pitching: RHP Vincent Prudhomme
Batting: SHB Jared Calhoun 0-0: Ground out 4-3 (Groundball, 4M, EV 107.5 MPH)
Top of the 9th over - 0 runs, 1 hit, 0 errors, 2 left on base; New York 0 - Pittsburgh 4
Tuesday, April 23rd , 2024 - OOTP Baseball 24.11 Build 85